 Dungeon Crawl Stone Soup version 0.27.0-1-g7a089689b8 (webtiles) character file.

Game seed: 14145762451103767550

23702 ZombieSheep the Cleaver (level 13, -8/117 HPs)
             Began as a Hill Orc Fighter on Aug 1, 2021.
             Was an Elder of the Shining One.
             Mangled by an eight-headed hydra (10 damage)
             ... on level 3 of the Lair of Beasts.
             The game lasted 00:24:05 (14510 turns).

ZombieSheep the Cleaver (Hill Orc Fighter)         Turns: 14510, Time: 00:24:06

Health: -8/117     AC: 27    Str: 20    XL:     13   Next: 8%
Magic:  21/21      EV:  9    Int: 11    God:    the Shining One [****..]
Gold:   639        SH:  5    Dex: 14    Spells: 12/12 levels left

rFire    . . .     SeeInvis .   b - +2 flail (protect)
rCold    . . .     Faith    .   (no shield)
rNeg     + + .     Spirit   .   h - +0 plate armour
rPois    .         Reflect  +   (no helmet)
rElec    .         Harm     .   i - +0 cloak
rCorr    .         Rampage  .   g - +2 pair of gloves
Will     .....                  (no boots)
Stlth    ..........             s - amulet "Vytikuji" {Reflect Int+3 Slay+6 SH+5}
HPRegen  0.29/turn              (no ring)
MPRegen  0.17/turn              (no ring)

@: under a protective aura, glowing
A: no striking features
a: Renounce Religion, Divine Shield, Cleansing Flame


You were on level 3 of the Lair of Beasts.
You worshipped the Shining One.
The Shining One was greatly pleased with you.
You visited 3 branches of the dungeon, and saw 14 of its levels.

You collected 639 gold pieces.

Inventory:

Hand Weapons
 a - a +2 battleaxe of electrocution
 b - a +2 flail of protection (weapon)
 m - a +1 flail of holy wrath
 v - a +0 war axe
 B - a +4 halberd
Armour
 g - a +2 pair of gloves (worn)
 h - a +0 plate armour (worn)
 i - a +0 cloak (worn)
 q - a +3 ring mail of poison resistance
Jewellery
 l - a +6 ring of intelligence
 s - the amulet "Vytikuji" (around neck) {Reflect Int+3 Slay+6 SH+5}
   (You found it on level 4 of the Dungeon)

   [amulet of reflection]

   It reflects blocked missile attacks.
   Int:       It affects your intelligence (+3).
   Slay:      It affects your accuracy & damage with ranged weapons and melee
   (+6).
   SH:        It affects your SH (+5).
 I - an amulet of reflection
Wands
 n - a wand of iceblast (9)
 C - a wand of polymorph (7)
 D - a wand of digging (7)
 G - a wand of paralysis (18)
 K - a wand of acid (11)
Scrolls
 c - 2 scrolls of enchant armour
 j - 3 scrolls of teleportation
 p - a scroll of identify
 y - 4 scrolls of blinking
 A - a scroll of holy word
 E - a scroll of enchant weapon
 H - a scroll of magic mapping
 J - 2 scrolls of immolation
Potions
 d - 2 potions of mutation
 e - 4 potions of heal wounds {unknown}
 f - 5 potions of flight {unknown}
 k - 9 potions of curing
 o - a potion of magic {unknown}
 r - 3 potions of lignification {unknown}
 t - 2 potions of haste
 u - 4 potions of attraction {unknown}
 w - a potion of berserk rage {unknown}
 x - 2 potions of brilliance {unknown}
 z - a potion of ambrosia
 F - 3 potions of cancellation {unknown}


   Skills:
 + Level 11.9 Fighting
 + Level 14.0 Axes
 + Level 11.1 Armour
 + Level 8.2 Dodging
 - Level 3.2 Shields
 + Level 10.7 Invocations


You had 12 spell levels left.
You didn't know any spells.
Your spell library contained the following spells:

 Spells                   Type           Power      Damage    Failure   Level
 Magic Dart               Conj           0%         1d3       99%         1
 Sting                    Tmut/Pois      0%         1d3       99%         1
 Poisonous Vapours        Pois/Air       0%         N/A       100%        2
 Searing Ray              Conj           0%         3d3       100%        2
 Fulminant Prism          Conj/Hex       0%         3d6       100%        4
 Olgreb's Toxic Radiance  Pois           0%         N/A       100%        4
 Ozocubu's Refrigeration  Ice            0%         4d5       100%        7
 Ignition                 Fire           0%         3d3       100%        8


Dungeon Overview and Level Annotations

Branches:
Dungeon (10/15)            Temple (1/1) D:4            Lair (3/6) D:9
 Spider (0/4) Lair:2          Orc (0/2) D:9
  Swamp: Lair:2-4    Shoals: Lair:2-4

Altars:
Ashenzari
Cheibriados
Dithmenos
Elyvilon
Fedhas
Gozag
Hepliaklqana
Kikubaaqudgha
Makhleb
Nemelex Xobeh
Okawaru
Qazlal
Ru
Sif Muna
Trog
Uskayaw
Vehumet
Wu Jian
Xom
Yredelemnul
Zin
The Shining One

Annotations:
Lair:2 exclusion: oklob plant
Lair:3 3 runed translucent doors, Deesahac's ghost, journeyman BaFi


Message History

The eight-headed hydra bites you but does no damage.
You sock the eight-headed hydra!
The eight-headed hydra is almost dead.
The blink frog hits you but does no damage. x2
The eight-headed hydra barely misses you.
The eight-headed hydra bites you but does no damage. x2
The eight-headed hydra bites you.
The eight-headed hydra bites you but does no damage.
You block the eight-headed hydra's attack.
The eight-headed hydra closely misses you.
The eight-headed hydra bites you!
You completely miss the eight-headed hydra.
The eight-headed hydra is almost dead.
You block the blink frog's attack. The eight-headed hydra bites you.
The eight-headed hydra bites you!
* * * LOW HITPOINT WARNING * * *
The eight-headed hydra bites you but does no damage. x2
The eight-headed hydra bites you.
* * * LOW HITPOINT WARNING * * *
The eight-headed hydra barely misses you.
The eight-headed hydra bites you.
* * * LOW HITPOINT WARNING * * *
The eight-headed hydra closely misses you.
You sock the eight-headed hydra!
The eight-headed hydra is almost dead.
The blink frog hits you.
* * * LOW HITPOINT WARNING * * *
The blink frog blinks! x2; The eight-headed hydra misses you.
The eight-headed hydra bites you.
* * * LOW HITPOINT WARNING * * *
You block the eight-headed hydra's attack.
The eight-headed hydra bites you.
* * * LOW HITPOINT WARNING * * *
The eight-headed hydra bites you but does no damage.
The eight-headed hydra bites you.
* * * LOW HITPOINT WARNING * * *
The eight-headed hydra bites you.
* * * LOW HITPOINT WARNING * * *
The eight-headed hydra bites you!
You die...

#♣♣)#####.###♣♣.♣♣#.....
♣♣Y♣♣#.....# ♣..♣#.....+.
♣...♣#.♣♣♣.#♣♣≈≈.#.....+.
#.#§#.#..†..#♣.†≈.#.....+.
#.#§#.#.##†##♣..≈.#.....#.
# #Y#.# #..# ♣♣♣..#.....#.
#§#.# #F.# ♣...♣#.....##
#.#.# #§###♣♣♣.♣........
#.#.# #@# #.............
#.#.# #D# #♣.♣♣♣......##
#Y#.# .F# ♣..♣♣#......#
#.§# ♣†≈P♣#.....## #+##
♣.≈..#.....# ♣.≈♣.#.....#
♣P...#.....# ♣♣.♣♣#.....#
.♣ #.....#


You could see an eight-headed hydra, a blink frog and a bullfrog.

Vanquished Creatures
  A hydra (Lair:2)
  Erolcha (D:9)
  A catoblepas (Lair:3)
  A two-headed ogre (D:10)
  2 death yaks (Lair:3)
  A tengu warrior (D:8)
  2 cyclopes
  An elephant (Lair:3)
  A gargoyle (D:10)
  5 black mambas
  2 cane toads
  A rime drake (Lair:2)
  9 komodo dragons
  A dream sheep (Lair:3)
  4 blink frogs
  A meliai zombie (D:10)
  Sigmund (D:2)
  27 yaks
  5 basilisks
  7 wyverns
  A steam dragon (D:9)
  2 vampire mosquitoes (D:10)
  Edmund (D:4)
  15 water moccasins
  An acid dragon (D:10)
  An orc warrior (D:8)
  A sky beast (D:7)
  2 black bears
  6 wolves
  4 centaurs
  An ogre (D:7)
  A phantom (D:5)
  3 kobold brigands
  6 bullfrogs
  5 scorpions
  7 killer bees
  14 wights
  3 howler monkeys
  A centaur zombie (D:6)
  A jelly (D:5)
  2 centaur skeletons
  4 orc priests
  3 hounds
  Terence (D:2)
  5 iguanas
  10 orc wizards
  Ijyb (D:4)
  3 killer bee zombies
  4 gnolls (D:6)
  6 adders
  A shadow imp (D:6)
  An adder skeleton (D:4)
  5 worms
  4 dart slugs
  29 orcs
  6 ball pythons
  9 endoplasms
  3 goblins (D:1)
  3 hobgoblins
  7 jackals
  3 quokkas
  3 bats (D:1)
  3 frilled lizards (D:1)
  18 kobolds
  6 rats
290 creatures vanquished.

Vanquished Creatures (others)
  16 fungi
  21 plants
37 creatures vanquished.

Grand Total: 327 creatures vanquished

Notes
Turn   | Place    | Note
-------+----------+-------------------------------------------
     0 | D:1      | ZombieSheep the Hill Orc Fighter began the quest for the
                  | Orb.
     0 | D:1      | Reached XP level 1. HP: 19/19 MP: 1/1
   230 | D:1      | Found a faded altar of an unknown god.
   234 | D:1      | Reached skill level 3 in Axes
   249 | D:1      | Reached XP level 2. HP: 20/27 MP: 2/2
  1077 | D:2      | Reached XP level 3. HP: 33/33 MP: 3/3
  1116 | D:2      | Noticed Sigmund
  1125 | D:2      | Killed Sigmund
  1126 | D:2      | Reached skill level 5 in Axes
  1126 | D:2      | Reached skill level 1 in Dodging
  1126 | D:2      | Reached XP level 4. HP: 7/41 MP: 4/4
  1126 | D:2      | Reached XP level 5. HP: 8/47 MP: 5/5
  1619 | D:2      | Found a shimmering blue altar of Sif Muna.
  1910 | D:2      | Noticed Terence
  1944 | D:2      | Killed Terence
  2183 | D:3      | Reached XP level 6. HP: 33/53 MP: 6/6
  2971 | D:3      | Reached skill level 5 in Fighting
  2972 | D:3      | Reached skill level 6 in Axes
  3058 | D:3      | You fall into a shaft and drop 1 floor!
  3757 | D:4      | Found a staircase to the Ecumenical Temple.
  3765 | Temple   | Entered the Ecumenical Temple
  3818 | Temple   | Became a worshipper of the Shining One
  3902 | D:4      | Noticed Ijyb
  3922 | D:4      | Killed Ijyb
  4041 | D:4      | Identified the amulet "Vytikuji" {Reflect Int+3 Slay+6
                  | SH+5}
  4059 | D:4      | Reached XP level 7. HP: 61/61 MP: 7/7
  4117 | D:4      | Noticed Edmund
  4124 | D:4      | Killed Edmund
  4125 | D:4      | Reached skill level 5 in Armour
  4209 | D:4      | Reached skill level 7 in Axes
  4334 | D:4      | Found a radiant altar of Vehumet.
  4343 | D:4      | Found a stormy altar of Qazlal.
  4579 | D:5      | Entered Level 5 of the Dungeon
  4747 | D:5      | Found a shadowy altar of Dithmenos.
  4760 | D:5      | Reached XP level 8. HP: 69/70 MP: 8/8
  5178 | D:5      | Reached skill level 8 in Axes
  6185 | D:6      | You fall into a shaft and drop 2 floors!
  6212 | D:8      | Reached skill level 9 in Axes
  6577 | D:7      | Reached XP level 9. HP: 60/76 MP: 9/9
  6720 | D:7      | Reached * piety under the Shining One
  7004 | D:7      | Reached skill level 10 in Axes
  7007 | D:7      | Reached skill level 1 in Invocations
  7682 | D:6      | Identified a scroll of acquirement
  7682 | D:6      | Acquired a +1 battleaxe of electrocution
  8082 | D:8      | Noticed a tengu warrior
  8095 | D:8      | Killed a tengu warrior
  8096 | D:8      | Reached skill level 5 in Dodging
  8096 | D:8      | Reached XP level 10. HP: 73/89 MP: 11/13
  8183 | D:8      | Found a broken altar of Ashenzari.
  8202 | D:8      | Reached ** piety under the Shining One
  8259 | D:8      | Noticed a cyclops
  8265 | D:8      | Killed a cyclops
  8266 | D:8      | Reached skill level 11 in Axes
  8663 | D:9      | Reached skill level 5 in Invocations
  8740 | D:9      | Noticed Erolcha
  8755 | D:9      | Killed Erolcha
  8958 | D:9      | Noticed a cyclops
  8999 | D:9      | Killed a cyclops
  9223 | D:9      | Found a staircase to the Orcish Mines.
  9605 | D:9      | Reached XP level 11. HP: 87/97 MP: 15/15
  9887 | D:9      | Reached skill level 12 in Axes
  9909 | D:9      | Found a staircase to the Lair.
  9987 | D:10     | Entered Level 10 of the Dungeon
 10189 | D:10     | Noticed a two-headed ogre
 10199 | D:10     | Killed a two-headed ogre
 10200 | D:10     | Reached skill level 10 in Fighting
 10278 | D:10     | Reached *** piety under the Shining One
 10886 | Lair:1   | Entered Level 1 of the Lair of Beasts
 11442 | Lair:1   | Reached XP level 12. HP: 102/108 MP: 18/18
 11470 | Lair:1   | Reached skill level 10 in Armour
 11627 | Lair:1   | Reached skill level 13 in Axes
 12581 | Lair:2   | Found a hole to the Spider Nest.
 12725 | Lair:2   | Noticed a six-headed hydra
 12732 | Lair:2   | Killed a six-headed hydra
 13308 | Lair:2   | Reached skill level 10 in Invocations
 13913 | Lair:3   | Noticed a minotaur
 13913 | Lair:3   | Reached **** piety under the Shining One
 13914 | Lair:3   | Noticed Deesahac's ghost (journeyman BaFi)
 14018 | Lair:3   | Found a runed translucent gate.
 14018 | Lair:3   | Found a runed translucent gate.
 14018 | Lair:3   | Found a runed translucent gate.
 14092 | Lair:3   | Noticed a catoblepas
 14129 | Lair:3   | Killed a catoblepas
 14325 | Lair:3   | Noticed a death yak
 14325 | Lair:3   | Noticed a death yak
 14336 | Lair:3   | Killed a death yak
 14336 | Lair:3   | Killed a death yak
 14337 | Lair:3   | Reached XP level 13. HP: 104/117 MP: 20/20
 14343 | Lair:3   | Reached skill level 14 in Axes
 14510 | Lair:3   | HP: 2/117 [eight-headed hydra (4)]
 14510 | Lair:3   | Mangled by an eight-headed hydra

Illustrated notes

Levels and vault maps discovered:
D:1:      kennysheep_arrival_forest, layout_loops_ring,
          hellmonk_ecumenical_altar_run_dry, chequers_serial_rivers_micro_d
D:2:      layout_basic, basic_altar, uniq_terence, uniq_sigmund
D:3:      layout_loops_corners, grunt_ministairs_4,
          hangedman_abyss_or_decor_lesser_grid, minmay_misc_feat_square
D:4:      layout_cave_pools, mainiacjoe_overflow_swirl,
          minmay_temple_entry_enclosed_plants, minmay_misc_feat_pillars,
          wad_floor_pattern_untrapped, uniq_ijyb, uniq_edmund
D:5:      layout_gridville, mainiacjoe_overflow_chevrons, nrook_pool_corridor,
          roderic_lattice_a
D:6:      layout_gridville
D:7:      layout_basic
D:8:      layout_basic, overflow_temple_1_default
D:9:      layout_layer_cave, minmay_lair_entry_grove, orc_0_dummy, uniq_erolcha
D:10:     layout_loops_ring, grunt_decor_mini_mirrors
Temple:   compressed_dpeg_circular_temple
Lair:1:   beast_lair_carwin_large_1, layout_loops_ring, minivault_27,
          minivault_26
Lair:2:   layout_regular_city, spider_nest_entry_web_field,
          minmay_lair_oklob_chamber
Lair:3:   nzn_winding_woodlands_medium [nzn_winding_woodlands_hourglass,
          nzn_winding_woodlands_5x15_pathside_ponds,
          nzn_winding_woodlands_5x5_checkerboard,
          nzn_winding_woodlands_5x5_perimeter,
          nzn_winding_woodlands_center_lodge, nzn_winding_woodlands_5x5_cross,
          nzn_winding_woodlands_5x5_default,
          nzn_winding_woodlands_5x15_longhouse,
          nzn_winding_woodlands_5x5_three], layout_regular_city,
          maelrawn_ghost_gauntlet_escape, infiniplex_staircase_pool

Skill      XL: |  1  2  3  4  5  6  7  8  9 10 11 12 13 |
---------------+----------------------------------------+-----
Axes           | 3 5 6 7 9 10 11 12 13 14 | 14.0
Fighting       | 4 5 6 8 9 10 11 | 11.9
Armour         | 4 5 6 7 8 9 11 | 11.1
Dodging        | 1 2 3 5 6 7 8 |  8.2
Invocations    | 4 6 8 10 | 10.7
Shields        | |  3.2

Action                   |  1- 3 |  4- 6 |  7- 9 | 10-12 | 13-15 || total
-------------------------+-------+-------+-------+-------+-------++-------
Melee: War axe           |    60 |   203 |   180 |       |       ||   443
       Battleaxe         |       |       |    21 |   331 |     6 ||   358
       Flail             |       |       |       |     2 |     9 ||    11
Throw: Throwing net      |       |       |     1 |       |       ||     1
Evoke: Wand              |       |       |     4 |     3 |       ||     7
  Use: Scroll            |     3 |     3 |     5 |     5 |       ||    16
       Potion            |     1 |     1 |       |     1 |       ||     3
Armor: Scale mail        |    24 |    17 |       |       |       ||    41
       Plate armour      |       |   114 |   153 |   150 |    39 ||   456
Dodge: Dodged            |    29 |    75 |    58 |    99 |    21 ||   282
Block: Other             |       |       |    43 |    53 |    10 ||   106
       Reflection        |       |       |     2 |       |       ||     2
